General information
- name: BNet
- type: Ladder 1vs1/FFA
- host: Battle.net
- saver: InternetPiracy
map: LostTemple
- players: 2
- length: 26:36
- speed: Fast
- version: 1.24 W3XP
- replay type: Public
» download(66 KB)
Players
team 1 (loser)
GeaRs- (
blue | 76 APM | 2017 actions | 26:35)
5 Blademaster
3 Wind Walk
2 Critical Strike
4 Shadow Hunter
2 Hex
2 Healing Wave
» actions
| Build / train | 78 | |
| Enter build submenu | 22 | |
| Enter hero's abilities submenu | 10 | |
| Give item / drop item | 4 | |
| Remove unit from queue | 2 | |
| Right click | 1268 | |
| Select / deselect | 510 | |
| Use ability | 123 | |
2017 total
» units
| Peon | 21 | |
| Wind Rider | 6 | |
| Troll Batrider | 14 | |
41 total
» upgrades
» buildings
| Altar of Storms | 1 | |
| Orc Burrow | 6 | |
| Voodoo Lounge | 1 | |
| War Mill | 1 | |
| Stronghold | 3 | |
| Watch Tower | 7 | |
| Beastiary | 4 | |
| Great Hall | 2 | |
25 total
» build order
00:07 Altar of Storms
00:09 Orc Burrow
00:47 Voodoo Lounge
01:27 War Mill
01:33 Orc Burrow
02:30 Stronghold
02:30 Stronghold
02:52 Watch Tower
02:59 Watch Tower
03:36 Watch Tower
04:08 Watch Tower
04:51 Beastiary
04:53 Beastiary
05:25 Orc Burrow
07:11 Orc Burrow
09:02 Great Hall
11:13 Great Hall
12:44 Orc Burrow
13:06 Watch Tower
13:07 Watch Tower
13:07 Watch Tower
13:45 Orc Burrow
14:45 Beastiary
17:58 Beastiary
» items
| Healing Salve | 3 | |
| Lesser Clarity Potion | 7 | |
| Scroll of Speed | 2 | |
| Boots of Speed | 1 | |
| Circlet of Nobility | 1 | |
| Scroll of Town Portal | 1 | |
| Scroll of Healing | 1 | |
| Potion of Healing | 1 | |
17 total
team 2 (winner)
InternetPiracy (
yellow | 95 APM | 2537 actions | 26:36)
5 Archmage
3 Summon Water Elemental
2 Brilliance Aura
5 Mountain King
3 Storm Bolt
2 Bash
2 Paladin
1 Holy Light
1 Divine Shield
» actions
| Assign group hotkey | 175 | |
| Basic commands | 10 | |
| Build / train | 129 | |
| Enter build submenu | 69 | |
| Enter hero's abilities submenu | 13 | |
| Give item / drop item | 2 | |
| Right click | 695 | |
| Select / deselect | 508 | |
| Select group hotkey | 788 | |
| Use ability | 148 | |
2537 total
» units
| Peasant | 26 | |
| Footman | 6 | |
| Dragonhawk Rider | 13 | |
| Goblin Shredder | 1 | |
| Gryphon Rider | 6 | |
52 total
» upgrades
| Masonry | 3 | |
| Lumber Harvesting | 2 | |
| Armor | 3 | |
| Swords | 3 | |
| Animal War Training | 1 | |
| Cloud | 1 | |
| Storm Hammers | 1 | |
14 total
» buildings
| Altar of Kings | 1 | |
| Farm | 10 | |
| Barracks | 1 | |
| Lumber Mill | 1 | |
| Scout Tower | 36 | |
| Arcane Tower | 2 | |
| Town Hall | 5 | |
| Guard Tower | 29 | |
| Keep | 1 | |
| Blacksmith | 1 | |
| Arcane Vault | 1 | |
| Gryphon Aviary | 3 | |
| Castle | 1 | |
92 total
» build order
00:05 Altar of Kings
00:21 Farm
00:39 Barracks
00:45 Farm
01:34 Farm
02:49 Lumber Mill
02:59 Scout Tower
03:14 Arcane Tower
03:36 Farm
03:58 Town Hall
04:32 Scout Tower
05:03 Scout Tower
05:04 Guard Tower
05:09 Scout Tower
06:00 Guard Tower
06:02 Scout Tower
06:05 Keep
06:05 Guard Tower
06:13 Scout Tower
06:29 Scout Tower
06:41 Guard Tower
06:46 Guard Tower
06:49 Scout Tower
06:53 Scout Tower
06:55 Scout Tower
06:59 Scout Tower
07:04 Guard Tower
07:17 Guard Tower
07:19 Scout Tower
07:28 Guard Tower
07:28 Guard Tower
07:58 Guard Tower
07:59 Blacksmith
08:05 Arcane Vault
08:07 Guard Tower
08:30 Farm
08:39 Gryphon Aviary
08:44 Gryphon Aviary
08:46 Gryphon Aviary
09:02 Farm
09:04 Farm
09:05 Farm
09:34 Farm
10:58 Guard Tower
11:30 Town Hall
11:33 Scout Tower
11:34 Scout Tower
11:36 Scout Tower
12:00 Guard Tower
12:03 Guard Tower
12:05 Guard Tower
12:47 Scout Tower
12:59 Castle
13:18 Guard Tower
13:58 Scout Tower
14:44 Arcane Tower
15:18 Farm
15:36 Town Hall
15:40 Scout Tower
15:41 Scout Tower
15:43 Scout Tower
15:44 Scout Tower
16:08 Guard Tower
16:09 Guard Tower
16:11 Guard Tower
16:11 Guard Tower
16:24 Scout Tower
16:25 Scout Tower
16:42 Scout Tower
17:40 Scout Tower
17:40 Scout Tower
17:41 Scout Tower
17:41 Scout Tower
17:42 Scout Tower
17:59 Guard Tower
17:59 Scout Tower
18:08 Guard Tower
18:09 Scout Tower
18:10 Scout Tower
18:15 Guard Tower
18:16 Scout Tower
18:18 Scout Tower
18:32 Guard Tower
18:35 Guard Tower
18:35 Scout Tower
18:39 Guard Tower
18:45 Guard Tower
19:53 Guard Tower
22:26 Town Hall
22:38 Scout Tower
23:57 Guard Tower
24:00 Town Hall
» items
| Ivory Tower | 3 | |
| Boots of Speed | 1 | |
| Scroll of Healing | 4 | |
| Potion of Lesser Invulnerability | 3 | |
| Scroll of Protection | 2 | |
| Scroll of Regeneration | 1 | |
| Staff of Sanctuary | 1 | |
15 total
Chat log
(00:29 / All) InternetPiracy: meh
(00:33 / All) GeaRs-: sup /
(00:35 / All) InternetPiracy: LT sucks when the opponents sees the whole map
(00:41 / All) GeaRs-: true
(00:52 / All) GeaRs-: just dont cry about it
(00:56 / All) InternetPiracy: why
(01:49 / All) GeaRs-: beat anyone good? or jus etards
(01:51 / All) GeaRs-: retards
(01:59 / All) InternetPiracy: well i am playing vs this hacking virgin atm
(02:04 / All) GeaRs-: ah rly?
(02:05 / All) GeaRs-: name?
(02:15 / All) InternetPiracy: GearS-
(02:18 / All) GeaRs-: damn
(02:19 / All) GeaRs-: hes good
(02:20 / All) GeaRs-: gl
(03:51 / All) InternetPiracy: lol
(03:57 / All) GeaRs-: did same moment
(03:58 / All) GeaRs-: =-_-
(04:04 / All) GeaRs-: o well
(04:09 / All) GeaRs-: r2 is likle
(04:12 / All) GeaRs-: 90 seconds away
(04:36 / All) InternetPiracy: what
(04:40 / All) GeaRs-: ?
(04:43 / All) InternetPiracy: r2
(04:46 / All) InternetPiracy: is what away
(04:57 / All) GeaRs-: wtf r u talking about
(05:39 / All) GeaRs-: damn u got clas ;(
(05:57 / All) InternetPiracy: shouldnt you have foreSEEN that
(06:06 / All) GeaRs-: ?
(06:13 / All) GeaRs-: u cant see that shit u retard
(06:18 / All) InternetPiracy: really
(06:22 / All) GeaRs-: indeed
(06:23 / All) InternetPiracy: Sorry i am not a hacking virgin
(06:24 / All) InternetPiracy: my bad
(06:31 / All) GeaRs-: every1 makes mistake
(07:45 / All) GeaRs-: lalala
(08:26 / All) GeaRs-: why do ppl
(08:29 / All) GeaRs-: constantly fucking call u
(08:31 / All) GeaRs-: about same shit
(08:36 / All) InternetPiracy: because you hack and suck
(08:36 / All) GeaRs-: =/
(08:44 / All) GeaRs-: damn ur genuis
(11:24 / All) InternetPiracy: if you didnt hack i'd call that move gutsy
(11:30 / All) GeaRs-: eh
(11:50 / All) GeaRs-: u cry about hacks a lot
(11:54 / All) InternetPiracy: you hack a lot
(12:02 / All) GeaRs-: how do u hack a lot
(12:07 / All) InternetPiracy: well
(12:08 / All) InternetPiracy: okay
(12:10 / All) InternetPiracy: constantly
(17:15 / All) InternetPiracy: leave
(17:19 / All) GeaRs-: y so mad
(17:20 / All) InternetPiracy: wow i was afk the first seconds
(17:21 / All) InternetPiracy: :D
(17:47 / All) InternetPiracy: why not killing anything
(19:12 / All) InternetPiracy: raped
(19:15 / All) GeaRs-: r u
(19:19 / All) GeaRs-: seriously proud of that /
(19:28 / All) InternetPiracy: are you seriously cheating
(19:30 / All) InternetPiracy: at a computer game
(19:32 / All) InternetPiracy: and losing
(19:51 / All) GeaRs-: u make it sound
(19:57 / All) GeaRs-: like cheaters always win
(20:02 / All) GeaRs-: especially cos they try rofl
(20:06 / All) InternetPiracy: oh yeah
(20:08 / All) InternetPiracy: you dont try
(20:11 / All) InternetPiracy: that's why you cheat
(20:18 / All) GeaRs-: thats exactly right?
(20:22 / All) InternetPiracy: yea..
(20:32 / All) InternetPiracy: going bm sh wyvern
(20:34 / All) InternetPiracy: you dont try
(20:42 / All) GeaRs-: not at all
(20:44 / All) GeaRs-: in fact
(20:46 / All) GeaRs-: ima comntinue
(20:48 / All) GeaRs-: whole game like this
(20:52 / All) GeaRs-: see how long it takes u ;o
(21:55 / All) GeaRs-: funny part
(21:57 / All) GeaRs-: is how hard you try
(22:03 / All) InternetPiracy: yeah look at me
(22:05 / All) InternetPiracy: microing my air
(22:07 / All) InternetPiracy: oh wait
(23:06 / All) GeaRs-: 0 gold
(23:07 / All) InternetPiracy: batting mass human air at a fountain
(23:08 / All) GeaRs-: come n win
(23:10 / All) InternetPiracy: smart move
(23:20 / All) GeaRs-: jesus christ
(23:23 / All) GeaRs-: u rly take this seriously
(23:27 / All) GeaRs-: =/
(23:33 / All) GeaRs-: i got no gold, no mine, no expo
(23:34 / All) InternetPiracy: you dont
(23:36 / All) InternetPiracy: right
(23:38 / All) GeaRs-: wtf u want me to do rofl
(23:41 / All) InternetPiracy: you only hack
(23:45 / All) InternetPiracy: chose the strongest race
(23:48 / All) InternetPiracy: an abusive strat
(23:50 / All) GeaRs-: atleast i dont cry
(23:53 / All) InternetPiracy: you don't care right
(23:53 / All) GeaRs-: about wc
(23:56 / All) GeaRs-: every 10 seconds
(23:57 / All) GeaRs-: yeah
(23:58 / All) GeaRs-: i dont
(24:11 / All) GeaRs-: i hear
(24:11 / All) InternetPiracy: hack not cheat?
(24:12 / All) InternetPiracy: okay
(24:29 / All) GeaRs-: anytime u wanna stop bitchin is o-k
(24:53 / All) InternetPiracy: just focussing my am
(24:56 / All) InternetPiracy: not trying right
(24:57 / All) GeaRs-: well
(24:59 / All) GeaRs-: tell u what
(25:02 / All) GeaRs-: without orb
(25:05 / All) GeaRs-: ima focus ur air
(25:07 / All) GeaRs-: hows that sound
(25:09 / All) GeaRs-: ?
(25:13 / All) InternetPiracy: no but you do care
(25:15 / All) InternetPiracy: if you wouldnt
(25:19 / All) InternetPiracy: you would just a move
(25:27 / All) InternetPiracy: out you dirty mexican
(25:32 / All) GeaRs-: mexican ?
(25:56 / All) GeaRs-: funny kid
(25:58 / All) GeaRs-: afkl
(26:00 / All) InternetPiracy: funny hacking virgin